[Event "Titled Tuesday Blitz April 12 Early 2022"]
[White "Dronavalli, Harika"]
[Black "Bintang, Rasyid A. Hidayat"]
[WhiteFideId "5015197"]
[BlackFideId "7105355"]
[WhiteElo "2382"]
[BlackElo "2398"]
[Result "1/2-1/2"]
[Round "04"]
[TimeControl "180+1"]
[Date "2022.04.13"]
[WhiteClock "0:00:32"]
[BlackClock "0:00:24"]

1. d4 d5 2. c4 Nc6 3. Nc3 Nf6 4. cxd5 Nxd5 5. e4 Nxc3 6. bxc3 e5 7. d5 Nb8 8. Nf3 Bd6 9. Bd3 O-O 10. O-O Nd7 11. Nd2 Nc5 12. Bc2 f5 13. exf5 Bxf5 14. Ba3 Nd7 15. Bxd6 cxd6 16. Bxf5 Rxf5 17. Ne4 Nf6 18. Nxf6+ Rxf6 19. a4 Qa5 20. Qb3 b6 21. c4 Rc8 22. Qb5 Qxb5 23. axb5 Rc7 24. g3 Rf3 25. Rfc1 Rb3 26. Kg2 Kf7 27. Ra4 Kf6 28. Rca1 Rc3 29. Rxa7 R3xc4 30. Rxc7 Rxc7 31. Ra6 Rc5 32. Rxb6 Rxd5 33. Rb8 Rd4 34. b6 Rb4 35. b7 Kf7 36. Kf3 d5 37. Ke3 Rb3+ 38. Kd2 h6 39. h4 Rb6 40. Kc3 Rb1 41. g4 Rb6 42. h5 Rb1 43. Kd2 Rb6 44. Kc2 Rb5 45. f3 Rb6 46. Kc3 Rb1 47. Kd3 Rb6 48. Ke3 Rb3+ 49. Ke2 Rb6 50. Kd3 Rb3+ 51. Kc2 Rb6 52. Kc3 Rb1 53. Rd8 Rxb7 54. Rxd5 Ke6 55. Ra5 Rf7 56. Ra6+ Kd5 57. Ra5+ Ke6 58. Kc4 Rf4+ 59. Kc5 Rxf3 60. Ra6+ Kf7 61. Kd5 Re3 62. Ra7+ Kf6 63. Ra6+ Kf7 64. Ra7+ Kf6 65. Ra6+ Kf7 1/2-1/2


[Site "https://www.chess.com"]

[Event "Titled Tuesday Blitz April 12 Early 2022"]
[White "Harshavardhan G B"]
[Black "Shtyka, Sergey"]
[WhiteFideId "25059009"]
[BlackFideId "4138465"]
[WhiteElo "1831"]
[BlackElo "2014"]
[Result "1-0"]
[Round "04"]
[TimeControl "180+1"]
[Date "2022.04.13"]
[WhiteClock "0:00:14"]
[BlackClock "0:00:13"]

1. d4 c5 2. d5 e5 3. e4 d6 4. f4 exf4 5. Bxf4 Be7 6. Nc3 a6 7. a4 Bf6 8. Nf3 Ne7 9. Bd3 Ng6 10. Bg3 Qe7 11. O-O Nd7 12. a5 Nde5 13. Na4 O-O 14. Nb6 Rb8 15. c3 Re8 16. Bc2 Bg4 17. Qd2 h6 18. Rf2 Nd7 19. Nc4 Nde5 20. Nb6 Nd7 21. h3 Nxb6 22. hxg4 Nc4 23. Qc1 Nce5 24. Nxe5 Bxe5 25. Qe3 Bxg3 26. Qxg3 Qe5 27. Qf3 Re7 28. Raf1 Rbe8 29. g3 Qg5 30. Kg2 Ne5 31. Qf5 Qxg4 32. Qxg4 Nxg4 33. Re2 Ne5 34. Ba4 Rd8 35. b3 g6 36. Rb1 Kg7 37. b4 cxb4 38. Rxb4 Rc8 39. Rc2 Nd3 40. Rb1 Rxe4 41. Ra2 Nc5 42. Bd1 Rce8 43. Kf2 R4e5 44. Bf3 R8e7 45. Rc2 h5 46. Rd1 Re3 47. Be2 R3e5 48. Bf3 Rc7 49. Rd4 f5 50. Rb2 Kf6 51. Rb1 Rce7 52. Rb2 Rc7 53. Rb1 Rh7 54. Rb2 g5 55. Rb6 g4 56. Bg2 Ke7 57. Rdb4 h4 58. Rxb7+ Nxb7 59. Rxb7+ Kf6 60. Rxh7 hxg3+ 61. Kxg3 Re3+ 62. Kf4 Rxc3 63. Rh6+ Ke7 64. Kxf5 g3 65. Re6+ Kd7 66. Rg6 Re3 67. Rg7+ Kd8 68. Be4 Re1 69. Rxg3 Rf1+ 70. Ke6 Rf8 71. Kxd6 Kc8 72. Kc6 Kb8 73. d6 Ka7 74. Rg7+ Kb8 75. Rb7+ Ka8 76. Kb6 Rb8 77. Rxb8+ Kxb8 78. Kxa6 Kc8 79. Kb6 1-0


[Site "https://www.chess.com"]

[Event "Titled Tuesday Blitz April 12 Early 2022"]
[White "Hernandez Jimenez, Alexander Andres"]
[Black "Ljukin, Sergei"]
[WhiteFideId "3900452"]
[BlackFideId "14102200"]
[WhiteElo "2098"]
[BlackElo "2312"]
[Result "1-0"]
[Round "04"]
[TimeControl "180+1"]
[Date "2022.04.13"]
[WhiteClock "0:00:01"]
[BlackClock "0:00:03"]

1. e4 e6 2. d4 d5 3. Nc3 Bb4 4. exd5 exd5 5. Nf3 Nf6 6. Bg5 O-O 7. Be2 Bf5 8. O-O c6 9. Ne5 Qd6 10. Bxf6 Qxf6 11. f4 Qd6 12. Bd3 Bxd3 13. Qxd3 f6 14. Ng4 Nd7 15. Ne2 Rae8 16. c3 Ba5 17. Ng3 Qe6 18. f5 Qd6 19. Rae1 Bc7 20. Qf3 c5 21. dxc5 Nxc5 22. Ne3 Ne4 23. Nxd5 Nd2 24. Qd3 Nxf1 25. Rxf1 Qc5+ 26. Kh1 Bxg3 27. hxg3 Re5 28. c4 b5 29. b3 bxc4 30. bxc4 Rc8 31. Nf4 Rxf5 32. Qd7 Re5 33. Rb1 Qc7 34. Qd4 Rce8 35. Rb5 Rxb5 36. cxb5 Qb6 37. Qc4+ Kh8 38. Kh2 Qd8 39. Qf7 Qe7 40. Qh5 1-0


[Site "https://www.chess.com"]

[Event "Titled Tuesday Blitz April 12 Early 2022"]
[White "Hess, Robert"]
[Black "Janaszak, Dawid"]
[WhiteFideId "2022036"]
[BlackFideId "1119206"]
[WhiteElo "2557"]
[BlackElo "2199"]
[Result "0-1"]
[Round "04"]
[TimeControl "180+1"]
[Date "2022.04.12"]
[WhiteClock "0:00:01"]
[BlackClock "0:01:00"]

1. b3 c5 2. Bb2 d6 3. d3 Nc6 4. Nd2 e5 5. e3 f5 6. Ne2 Nf6 7. g3 Be7 8. Bg2 O-O 9. a3 Qe8 10. c4 Be6 11. Qc2 Rd8 12. O-O-O b5 13. cxb5 Na5 14. a4 Nd5 15. Bc3 Nb4 16. Bxb4 cxb4 17. Nc4 Rc8 18. Nxa5 Rxc2+ 19. Kxc2 Qf7 20. Nc1 f4 21. gxf4 exf4 22. Nc6 Bh4 23. Rd2 Qf6 24. Nxb4 fxe3 25. fxe3 Qg5 26. Nc6 Qxe3 27. Rhd1 Bg4 28. Rf1 Rxf1 29. Bxf1 Bg5 30. Rg2 Qxc1# 0-1


[Site "https://www.chess.com"]

[Event "Titled Tuesday Blitz April 12 Early 2022"]
[White "Horcajuelo Rocamora, Martin"]
[Black "Blokhin, Sofia"]
[WhiteFideId "24573027"]
[BlackFideId "4508190"]
[WhiteElo "1822"]
[BlackElo "1764"]
[Result "0-1"]
[Round "04"]
[TimeControl "180+1"]
[Date "2022.04.13"]
[WhiteClock "0:01:55"]
[BlackClock "0:00:36"]

1. e4 c5 2. Nf3 Nc6 3. d4 cxd4 4. Nxd4 e5 5. Nb5 d6 6. N1c3 a6 7. Na3 b5 8. Nd5 Nf6 9. Bg5 Be7 10. Bxf6 Bxf6 11. c3 O-O 12. Nc2 Be7 13. a4 bxa4 14. Rxa4 f5 15. Bc4 Kh8 16. O-O fxe4 17. Nxe7 Nxe7 18. Ne3 Bb7 19. Nd5 Rc8 20. Nxe7 Qxe7 21. Bxa6 Bxa6 22. Rxa6 Rcd8 23. Qd5 e3 24. fxe3 Rxf1+ 25. Kxf1 Rf8+ 26. Kg1 Qf6 27. Qf3 Qe7 28. Qe2 d5 29. Ra5 Qf7 30. e4 dxe4 31. Rxe5 Qa7+ 32. Kh1 Qa1+ 0-1


[Site "https://www.chess.com"]

[Event "Titled Tuesday Blitz April 12 Early 2022"]
[White "Hua, Lefong"]
[Black "Tari, Aryan"]
[WhiteFideId "2602253"]
[BlackFideId "1510045"]
[WhiteElo "2595"]
[BlackElo "2567"]
[Result "0-1"]
[Round "04"]
[TimeControl "180+1"]
[Date "2022.04.12"]
[WhiteClock "0:00:31"]
[BlackClock "0:01:09"]

1. d4 d5 2. c4 e6 3. Nc3 c5 4. cxd5 cxd4 5. Qa4+ Bd7 6. Qxd4 exd5 7. Qxd5 Nf6 8. Qd1 Bc5 9. e3 O-O 10. Nf3 Qe7 11. Be2 Nc6 12. O-O Rfd8 13. a3 Ne5 14. b4 Nxf3+ 15. Bxf3 Bb5 16. Qb3 Bxf1 17. Kxf1 Bd6 18. Bb2 Be5 19. g3 h5 20. Rd1 Rxd1+ 21. Nxd1 Bxb2 22. Nxb2 Ne4 23. Qd5 Re8 24. Kg2 h4 25. Nd3 b6 26. Nf4 Ng5 27. Bh5 hxg3 28. hxg3 Qe4+ 29. Qxe4 Nxe4 30. Nd5 Re5 31. Nf4 Nd6 32. Be2 Nb5 33. Nd3 Re7 0-1


[Site "https://www.chess.com"]

[Event "Titled Tuesday Blitz April 12 Early 2022"]
[White "Ianov, Viktor"]
[Black "Roebers, Jan"]
[WhiteFideId "14102730"]
[BlackFideId "1007815"]
[WhiteElo "2161"]
[BlackElo "2145"]
[Result "1-0"]
[Round "04"]
[TimeControl "180+1"]
[Date "2022.04.13"]
[WhiteClock "0:00:35"]
[BlackClock "0:00:50"]

1. Nf3 Nf6 2. g3 g6 3. b3 Bg7 4. Bb2 O-O 5. Bg2 d6 6. d4 Nc6 7. O-O e5 8. dxe5 dxe5 9. Nxe5 Qxd1 10. Rxd1 Ng4 11. Nd3 Bxb2 12. Nxb2 Bf5 13. Na3 Rad8 14. h3 Nf6 15. g4 Be4 16. f3 Bd5 17. e4 Be6 18. Nb5 a6 19. Nxc7 Rc8 20. Nxe6 fxe6 21. Rd2 e5 22. c3 a5 23. Rad1 b5 24. Bf1 b4 25. Bc4+ Kh8 26. cxb4 axb4 27. Kg2 h5 28. Nd3 h4 29. Nc5 Na5 30. Ne6 Nxc4 31. bxc4 Rfe8 32. Rd8 Ng8 33. Rxe8 Rxe8 34. Nc5 Rc8 35. Rd5 Ra8 36. Rxe5 Rxa2+ 37. Kg1 Rc2 38. Re8 Rxc4 39. Ne6 b3 40. Rb8 Rc3 41. Kf2 Rc2+ 42. Ke3 b2 43. Kf4 Kh7 44. Kg5 Rc6 45. Rb7+ Kh8 46. Nf4 Nf6 47. Nxg6+ Kg8 48. Ne7+ 1-0


[Site "https://www.chess.com"]

[Event "Titled Tuesday Blitz April 12 Early 2022"]
[White "Ibadov, Dashgyn"]
[Black "Rohith Krishna S"]
[WhiteFideId "24107514"]
[BlackFideId "46617051"]
[WhiteElo "2138"]
[BlackElo "2117"]
[Result "0-1"]
[Round "04"]
[TimeControl "180+1"]
[Date "2022.04.13"]
[WhiteClock "0:00:02"]
[BlackClock "0:00:17"]

1. e4 e5 2. Nf3 Nc6 3. Nc3 Nf6 4. Bb5 Bb4 5. O-O O-O 6. d3 d6 7. Ne2 Ne7 8. Ng3 Ng6 9. c3 Ba5 10. h3 c6 11. Ba4 h6 12. d4 Bc7 13. Re1 Qe7 14. Be3 Rd8 15. Bc2 Qf8 16. Qd2 Be6 17. Rad1 a5 18. a4 Rac8 19. b3 Nh8 20. c4 c5 21. d5 Bd7 22. Nh4 Kh7 23. f4 Re8 24. fxe5 dxe5 25. d6 Bd8 26. Nhf5 Ng8 27. Bf2 Bg5 28. Qxa5 Rc6 29. Bxc5 Bf4 30. Bf2 g6 31. Ne3 Rxd6 32. Nd5 Bc6 33. Ne2 Ra8 34. Qb4 Bxd5 35. exd5 Qd8 36. Nxf4 exf4 37. Be4 Rd7 38. c5 Nf6 39. d6 Rb8 40. Bf3 g5 41. Qc4 Ng6 42. b4 h5 43. b5 g4 44. Be4 b6 45. Bxg6+ Kxg6 46. Qxf4 bxc5 47. Bxc5 Rc8 48. Bd4 Rc4 49. Qxf6+ Qxf6 50. Bxf6 Kxf6 51. hxg4 Rxa4 52. b6 hxg4 0-1


[Site "https://www.chess.com"]

[Event "Titled Tuesday Blitz April 12 Early 2022"]
[White "Iljin, Timofey"]
[Black "Papadiamandis, Elliot"]
[WhiteFideId "14110180"]
[BlackFideId "36074160"]
[WhiteElo "2396"]
[BlackElo "2088"]
[Result "1/2-1/2"]
[Round "04"]
[TimeControl "180+1"]
[Date "2022.04.13"]
[WhiteClock "0:00:23"]
[BlackClock "0:00:38"]

1. d4 Nf6 2. c4 e6 3. Nc3 d5 4. cxd5 exd5 5. Bg5 Be7 6. e3 O-O 7. Bd3 c6 8. Qc2 h6 9. Bh4 Re8 10. Nge2 Nbd7 11. f3 Nf8 12. O-O Nh5 13. Bf2 Bg5 14. e4 Nf4 15. Nxf4 Bxf4 16. Ne2 Bc7 17. e5 f6 18. f4 fxe5 19. fxe5 Ne6 20. Be3 Qe7 21. Ng3 Nf8 22. Nf5 Bxf5 23. Rxf5 Ne6 24. Raf1 Rf8 25. Qf2 Bb6 26. Bb1 c5 27. Qc2 cxd4 28. Rxf8+ Nxf8 29. Bf2 Qxe5 30. Kh1 Re8 31. Bg3 Qe2 32. Rxf8+ Kxf8 33. Bd6+ Kg8 34. Qh7+ Kf7 35. Qg6+ Kg8 36. Qh7+ Kf7 37. Qg6+ Kg8 38. Qh7+ 1/2-1/2


[Site "https://www.chess.com"]

[Event "Titled Tuesday Blitz April 12 Early 2022"]
[White "Indjic, Aleksandar"]
[Black "Pajeken, Jakob Leon"]
[WhiteFideId "911925"]
[BlackFideId "12942839"]
[WhiteElo "2616"]
[BlackElo "2351"]
[Result "0-1"]
[Round "04"]
[TimeControl "180+1"]
[Date "2022.04.12"]
[WhiteClock "0:00:11"]
[BlackClock "0:00:20"]

1. e4 e5 2. Nf3 Nc6 3. Bb5 a6 4. Ba4 Nf6 5. O-O Be7 6. Re1 b5 7. Bb3 d6 8. c3 O-O 9. h3 Na5 10. Bc2 c5 11. d4 Qc7 12. d5 Nd7 13. b3 Nb6 14. Nbd2 c4 15. b4 Nb7 16. Nf1 a5 17. Ng3 axb4 18. cxb4 g6 19. Bh6 Re8 20. a3 f6 21. Ne2 Nd8 22. Be3 Nf7 23. Nc3 Bd7 24. Nd2 Bf8 25. Qf3 Bg7 26. Reb1 Ra6 27. a4 Rea8 28. a5 Nc8 29. Qe2 Ne7 30. f3 Qb7 31. Rf1 f5 32. Ndb1 f4 33. Bd2 g5 34. Kf2 Ng6 35. Ke1 Bf6 36. Na3 Bd8 37. Rb1 Bc7 38. Kd1 Bb8 39. Be1 Ba7 40. Bf2 Bd4 41. Qd2 Bxf2 42. Qxf2 Kf8 43. Kc1 Ke7 44. Ra1 h5 45. Bd1 Nh6 46. Kb2 h4 47. Rb1 Ng8 48. Re1 Nf6 49. Be2 Kf7 50. Bf1 Ne8 51. Kc2 Nc7 52. Rb2 Ne7 53. Reb1 Ng8 54. Be2 Nf6 55. Qf1 Nh5 56. Qf2 Ng3 57. Kd2 Be8 58. Ke1 Rc8 59. Nc2 Rb8 60. Ra2 Rba8 61. Na3 R8a7 62. Kd2 Ra8 63. Kd1 R8a7 64. Rba1 Ra8 65. Kc1 R8a7 66. Kc2 Ra8 67. Bd1 R8a7 68. Kb2 Ra8 69. Nc2 R8a7 70. Be2 Ra8 71. Kc1 R8a7 72. Na3 Ra8 73. Rb2 R8a7 74. Bxc4 bxc4 75. Nxc4 Nb5 76. Nxb5 Qxb5 77. Nb6 Rxb6 78. Qxb6 Qxb6 79. axb6 Rxa1+ 80. Kd2 Ra6 81. Rc2 Rxb6 82. Rc7+ Kf6 83. Rc8 Bf7 84. Rd8 Ke7 85. Rc8 Rxb4 86. Rc7+ Kf6 87. Kc3 Rb6 88. Rd7 Ne2+ 89. Kd2 Nd4 90. Kc3 Be8 91. Rh7 Bg6 92. Rd7 Ra6 93. Kd3 Be8 94. Rd8 Ra3+ 95. Kc4 Bb5+ 96. Kb4 Ra6 97. Rb8 Bf1 98. Rf8+ Ke7 99. Rg8 Bxg2 100. Rxg5 Bxf3 101. Rg7+ Kf6 0-1


[Site "https://www.chess.com"]

[Event "Titled Tuesday Blitz April 12 Early 2022"]
[White "Johnson, Ben"]
[Black "Khripachenko, Alexander"]
[WhiteFideId "2010917"]
[BlackFideId "54184975"]
[WhiteElo "2137"]
[BlackElo "2193"]
[Result "0-1"]
[Round "04"]
[TimeControl "180+1"]
[Date "2022.04.13"]
[WhiteClock "0:00:21"]
[BlackClock "0:02:19"]

1. Nf3 Nf6 2. c4 g6 3. b3 Bg7 4. Bb2 O-O 5. g3 d6 6. d4 Nbd7 7. Bg2 e5 8. dxe5 Ng4 9. O-O Ngxe5 10. Nc3 c6 11. Qd2 Qa5 12. Rac1 Nxf3+ 13. exf3 Nc5 14. Rfd1 Bf5 15. Ne4 Qxd2 16. Rxd2 Bxb2 17. Rxb2 Bxe4 18. fxe4 Nd3 19. Rcc2 Nxb2 20. Rxb2 a5 21. Rd2 Rfd8 22. f4 a4 23. b4 a3 24. Rd3 Ra4 25. c5 Rxb4 26. cxd6 Rb1+ 27. Bf1 Rb2 28. Rxa3 Rxd6 29. Rb3 Rxb3 30. axb3 b5 31. Kf2 Rd2+ 32. Ke3 Rb2 33. Kd4 Rxb3 34. e5 Kg7 35. Bd3 Kf8 36. Be4 Rb4+ 37. Kd3 c5 0-1


[Site "https://www.chess.com"]

[Event "Titled Tuesday Blitz April 12 Early 2022"]
[White "Kalavannan, Koby"]
[Black "Demin, Vladimir"]
[WhiteFideId "425753"]
[BlackFideId "4167457"]
[WhiteElo "1927"]
[BlackElo "2383"]
[Result "0-1"]
[Round "04"]
[TimeControl "180+1"]
[Date "2022.04.13"]
[WhiteClock "0:00:06"]
[BlackClock "0:00:12"]

1. d4 Nf6 2. c4 e5 3. dxe5 Ng4 4. Nf3 Bc5 5. e3 Nc6 6. Nc3 O-O 7. a3 a5 8. Be2 Ngxe5 9. Nxe5 Nxe5 10. Rb1 Re8 11. b4 axb4 12. axb4 Bf8 13. Bb2 Ra6 14. b5 Rh6 15. h3 Qg5 16. Bf3 Nxc4 17. Ne4 Qf5 18. Qc2 Nxb2 19. Rxb2 d5 20. Nc5 Qf6 21. Nd3 d4 22. e4 Bxh3 23. e5 Qf5 24. Bxb7 Bg4 25. Rxh6 gxh6 26. f3 Bh5 27. Be4 Qg5 28. Qd2 Qg3+ 29. Qf2 Qxf2+ 30. Kxf2 Bg6 31. Bxg6 hxg6 32. Rc2 Rb8 33. Rxc7 Rxb5 34. f4 Rb3 35. Ke2 Ra3 36. Nf2 Re3+ 37. Kd2 Bb4+ 38. Kc2 Re2+ 39. Kb3 Rxf2 40. Kxb4 Rxg2 41. Rd7 Rg4 42. Rxd4 Kg7 43. Kc3 h5 44. Kd3 h4 45. Ke3 h3 46. Kf3 h2 47. Kxg4 h1=Q 48. Rd3 Qg1+ 49. Rg3 Qf1 50. Rf3 Qe2 51. Kg3 Qe1+ 52. Kg2 Qa1 53. Kg3 Qa8 54. Re3 Qh8 55. Re2 Qh5 56. Rh2 Qf5 57. Rf2 Kf8 58. Rd2 Ke7 59. Rd6 Qe4 60. Rf6 Qe3+ 61. Kg4 Qg1+ 62. Kf3 Qh2 63. Ke4 Qh4 64. Ke3 Qh3+ 65. Ke4 Qh2 66. Rd6 Qh4 67. Rf6 g5 68. Kf5 g4 69. Rd6 Qh5+ 70. Ke4 g3 71. Rd2 Qg6+ 72. Kf3 Qg8 73. Rg2 Ke6 74. Rxg3 Qc8 75. Rg5 Qc3+ 76. Kg4 Qc2 77. Rh5 Qe2+ 78. Kg5 Qg2+ 79. Kh6 Qg3 80. f5+ Kxe5 81. Rg5 Qh4+ 82. Rh5 Qg4 83. Rg5 Qh3+ 84. Rh5 Qxf5 85. Rxf5+ Kxf5 86. Kh5 Kf4 87. Kh4 f5 88. Kh3 Kf3 89. Kh2 f4 90. Kg1 Ke2 91. Kg2 f3+ 92. Kg3 f2 93. Kf4 f1=Q+ 94. Ke4 Qf3+ 95. Kd4 Qd3+ 96. Kc5 Ke3 97. Kb4 Qd4+ 98. Kb5 Qc3 99. Ka6 Qb4 100. Ka7 Qb5 101. Ka8 Kd4 102. Ka7 Kc5 103. Ka8 Kc6 104. Ka7 Qb7# 0-1


[Site "https://www.chess.com"]

[Event "Titled Tuesday Blitz April 12 Early 2022"]
[White "Kamsky, Gata"]
[Black "Hoang, Thi Bao Tram"]
[WhiteFideId "2000024"]
[BlackFideId "12401102"]
[WhiteElo "2645"]
[BlackElo "2125"]
[Result "1/2-1/2"]
[Round "04"]
[TimeControl "180+1"]
[Date "2022.04.12"]
[WhiteClock "0:00:07"]
[BlackClock "0:00:12"]

1. e4 c6 2. d4 d5 3. exd5 cxd5 4. Bd3 Nc6 5. c3 Qc7 6. Ne2 Bg4 7. O-O Nf6 8. Qe1 Bh5 9. Bf4 Qd7 10. Nd2 e6 11. Bg3 Bg6 12. Nf4 Bd6 13. Nxg6 hxg6 14. Nf3 Bxg3 15. hxg3 O-O 16. Qe2 a6 17. a4 Rab8 18. Ne5 Nxe5 19. dxe5 Ne8 20. g4 Nc7 21. g3 Rfd8 22. a5 Qc6 23. Rfd1 Qc5 24. Kg2 d4 25. c4 b6 26. Qe1 bxa5 27. Rxa5 Qb6 28. Rb1 Qc6+ 29. Qe4 Qxe4+ 30. Bxe4 d3 31. Rc5 Ne8 32. Kf3 Rb3 33. Kg2 Rd4 34. Bf3 Kf8 35. Rc8 Ke7 36. Kf1 f6 37. Rc6 fxe5 38. Rxa6 e4 39. Bd1 Rb4 40. b3 Rdxc4 41. Ke1 Rc7 42. Kd2 Nf6 43. Rba1 Nxg4 44. Bxg4 e3+ 45. Kxe3 Rxg4 46. Ra7 Rxa7 47. Rxa7+ Kf6 48. Kxd3 Rb4 49. Kc3 Rb5 50. b4 g5 51. Ra5 Rb8 52. b5 Kf5 53. Kb4 Ke4 54. Ra3 Rf8 55. b6 Kd5 56. Kb5 Rxf2 57. Rd3+ Ke4 58. Rb3 Rf8 59. b7 e5 60. Kc6 Kd4 61. Ra3 e4 62. Ra8 Rf6+ 63. Kb5 Rf1 64. b8=Q Rb1+ 65. Kc6 Rxb8 66. Rxb8 e3 67. Re8 Kd3 68. Kd5 e2 69. g4 Kd2 70. Re4 e1=Q 71. Rxe1 Kxe1 72. Ke5 Kf2 73. Kf5 Kf3 74. Kxg5 Kg3 75. Kg6 Kxg4 76. Kxg7 1/2-1/2


[Site "https://www.chess.com"]

[Event "Titled Tuesday Blitz April 12 Early 2022"]
[White "Kavyev, Ruslan"]
[Black "Bachmann, Axel"]
[WhiteFideId "34110981"]
[BlackFideId "3700488"]
[WhiteElo "2182"]
[BlackElo "2587"]
[Result "1-0"]
[Round "04"]
[TimeControl "180+1"]
[Date "2022.04.13"]
[WhiteClock "0:00:12"]
[BlackClock "0:00:03"]

1. d4 Nf6 2. c4 g6 3. Nc3 Bg7 4. e4 d6 5. Be2 O-O 6. Be3 Na6 7. h4 h5 8. f3 c5 9. d5 Nc7 10. a4 b6 11. Nh3 Bd7 12. Ng5 a6 13. O-O Rb8 14. Qd2 b5 15. axb5 axb5 16. b3 Nh7 17. Ra7 bxc4 18. bxc4 Rb3 19. Rc1 Qb8 20. Ra2 Qb4 21. Rac2 Ra8 22. Nxh7 Kxh7 23. Bg5 Bd4+ 24. Kh1 f6 25. Be3 Bxe3 26. Qxe3 Raa3 27. Qd2 Kg7 28. f4 Bc8 29. e5 Ba6 30. exf6+ exf6 31. Qe3 Kf7 32. f5 Bxc4 33. fxg6+ Kxg6 34. Qg3+ Kf7 35. Bxh5+ Ke7 36. Qg7+ Kd8 37. Qf8+ Kd7 38. Bg4+ f5 39. Bxf5+ Ne6 40. Bxe6+ Kc7 41. Qe7+ Kb8 42. Qxd6+ Ka7 43. Qc7+ Ka6 44. Bc8+ Qb7 45. Bxb7+ Rxb7 46. Qxc5 Rab3 47. Qxc4+ Kb6 48. Qxb3+ Ka7 49. Ra2+ Kb8 50. Qc4 Rb6 51. Nb5 Rc6 52. dxc6 Kc8 53. Qg8# 1-0


[Site "https://www.chess.com"]

[Event "Titled Tuesday Blitz April 12 Early 2022"]
[White "Kazakouski, Valery"]
[Black "Andreikin, Dmitry"]
[WhiteFideId "13507443"]
[BlackFideId "4158814"]
[WhiteElo "2524"]
[BlackElo "2736"]
[Result "1-0"]
[Round "04"]
[TimeControl "180+1"]
[Date "2022.04.12"]
[WhiteClock "0:00:30"]
[BlackClock "0:00:08"]

1. d4 Nf6 2. c4 e6 3. Nc3 Bb4 4. f3 c5 5. d5 b5 6. e4 O-O 7. Kf2 d6 8. Nge2 exd5 9. cxd5 Nfd7 10. g4 c4 11. Be3 Ne5 12. Nf4 Qf6 13. Kg3 Nbd7 14. Nxb5 Bc5 15. Nd4 Rb8 16. Rb1 c3 17. bxc3 Rxb1 18. Qxb1 Nxf3 19. Kxf3 Ne5+ 20. Kg3 Nxg4 21. Qc1 Re8 22. Bg2 Re5 23. h3 Nxe3 24. Qxe3 Rg5+ 25. Kh2 Qh6 26. Rf1 Ba6 27. Rb1 Bb6 28. Qf3 g6 29. a4 Re5 30. a5 Bc7 31. Nc6 Re8 32. Nxa7 Bxa5 33. Ra1 Bxc3 34. Qxc3 Qxf4+ 35. Qg3 Qxg3+ 36. Kxg3 Bd3 37. Ra4 Ra8 38. Kf4 Kf8 39. Ke3 Bc2 40. Ra5 f5 41. Nc6 Re8 42. e5 dxe5 43. d6 f4+ 44. Kf2 e4 45. d7 e3+ 46. Ke1 1-0


[Site "https://www.chess.com"]

[Event "Titled Tuesday Blitz April 12 Early 2022"]
[White "Khamdamova, Afruza"]
[Black "Maksimenko, Viktor"]
[WhiteFideId "14210444"]
[BlackFideId "13710478"]
[WhiteElo "1660"]
[BlackElo "2269"]
[Result "0-1"]
[Round "04"]
[TimeControl "180+1"]
[Date "2022.04.13"]
[WhiteClock "0:00:03"]
[BlackClock "0:00:42"]

1. e4 c6 2. d4 d5 3. Nc3 dxe4 4. Nxe4 Nf6 5. Nxf6+ exf6 6. c3 Bd6 7. Bd3 O-O 8. Qc2 Re8+ 9. Ne2 h5 10. O-O Nd7 11. Be3 Nf8 12. Rfe1 h4 13. h3 Bd7 14. Rad1 Qc8 15. Nf4 Qc7 16. Qc1 Re7 17. Re2 Rae8 18. Rde1 Qa5 19. a3 Qc7 20. c4 Qc8 21. c5 Bxf4 22. Bxf4 Rxe2 23. Rxe2 Rxe2 24. Bxe2 Be6 25. Bf3 Qe8 26. Qe3 Ng6 27. Bd6 Qd7 28. Qc3 Bd5 29. Bxd5 cxd5 30. Qa5 a6 31. Qb6 Qb5 32. Qxb5 axb5 33. b3 f5 34. Kf1 f6 35. Ke2 Kf7 36. Kd3 Ke6 37. Kc3 Kd7 38. Kb4 Kc6 39. f3 b6 40. a4 bxa4 41. bxa4 bxc5+ 42. dxc5 Ne5 43. a5 Nd3+ 44. Kc3 Nxc5 45. Be7 Ne6 46. Kb4 Nf4 47. Bc5 Nxg2 48. a6 Nf4 49. Be3 Nxh3 50. Ka5 f4 51. Bd4 Ng5 0-1


[Site "https://www.chess.com"]

[Event "Titled Tuesday Blitz April 12 Early 2022"]
[White "Kostiukov, Alexandr"]
[Black "Vokarev, Sergey"]
[WhiteFideId "14108100"]
[BlackFideId "4119711"]
[WhiteElo "2202"]
[BlackElo "2343"]
[Result "1/2-1/2"]
[Round "04"]
[TimeControl "180+1"]
[Date "2022.04.13"]
[WhiteClock "0:00:05"]
[BlackClock "0:00:29"]

1. g3 Nf6 2. Bg2 g6 3. c4 d5 4. cxd5 Nxd5 5. Nf3 Bg7 6. O-O Nb6 7. d4 Nc6 8. e3 e5 9. dxe5 Qxd1 10. Rxd1 Nxe5 11. Nxe5 Bxe5 12. Nc3 c6 13. Ne4 O-O 14. Nc5 a5 15. e4 Nc4 16. Rb1 b6 17. Nd3 Bg7 18. b3 Ne5 19. Nxe5 Bxe5 20. Bb2 Bxb2 21. Rxb2 Bg4 22. Rd6 Rfd8 23. Rbd2 Rxd6 24. Rxd6 a4 25. h3 Be6 26. Rxc6 axb3 27. axb3 b5 28. Rb6 Ra1+ 29. Kh2 Ra2 30. f4 Bxb3 31. Rxb5 Bc2 32. Re5 f6 33. Re6 Kf7 34. f5 gxf5 35. exf5 Bxf5 36. Re1 h5 37. Kg1 Kg6 38. Rf1 Ra3 39. Kh2 Rc3 40. Rf3 Rc2 41. Kg1 Kg5 42. Rf2 Rc3 43. Rf3 Rxf3 44. Bxf3 Bxh3 45. Kf2 Bg4 46. Bg2 Kf5 47. Ke3 Ke5 48. Be4 f5 49. Bg2 Bd1 50. Bh1 Bc2 51. Bf3 h4 52. gxh4 f4+ 53. Kf2 Kf5 54. Kg2 Bb3 55. Kf2 Bf7 56. Kg2 Ke5 57. Kf2 Kd4 58. Bg4 Bd5 59. h5 Ke5 60. Bf3 Bg8 61. Kg2 Kf6 62. Kh3 Kg5 63. h6 Be6+ 64. Kh2 Kxh6 65. Be4 Kg5 66. Kg2 Bg4 67. Kf2 Kf6 68. Bb7 Ke5 69. Bc6 Bh5 70. Bb7 Bg6 71. Bc6 Be4 72. Bd7 Kd4 73. Bg4 Ke5 74. Bh5 Kf6 75. Bd1 Kg5 76. Be2 Bd5 77. Bf1 f3 78. Bd3 Kf4 79. Bc2 Be4 80. Bd1 Bd5 81. Bxf3 1/2-1/2


[Site "https://www.chess.com"]

[Event "Titled Tuesday Blitz April 12 Early 2022"]
[White "Kozak, Adam"]
[Black "Sapunov, Evgeny"]
[WhiteFideId "753246"]
[BlackFideId "4126661"]
[WhiteElo "2459"]
[BlackElo "2470"]
[Result "1/2-1/2"]
[Round "04"]
[TimeControl "180+1"]
[Date "2022.04.12"]
[WhiteClock "0:00:19"]
[BlackClock "0:00:05"]

1. e4 c5 2. Nf3 d6 3. Bb5+ Bd7 4. c4 a6 5. Bxd7+ Nxd7 6. Nc3 Ngf6 7. d4 cxd4 8. Nxd4 e6 9. Qe2 Be7 10. O-O O-O 11. Rd1 Rc8 12. a4 Qc7 13. b3 Rfe8 14. Bb2 Bf8 15. h3 d5 16. Nf3 dxc4 17. e5 Nd5 18. bxc4 Nxc3 19. Bxc3 Nb6 20. Qe4 Nxc4 21. Ng5 g6 22. Qh4 h6 23. Ne4 Bg7 24. Nf6+ Bxf6 25. exf6 Kh7 26. Bb4 Red8 27. Be7 Rxd1+ 28. Rxd1 b5 29. axb5 axb5 30. Qd4 Qc6 31. Ra1 e5 32. Qc3 Qe6 33. Qb4 Qd5 34. Bf8 e4 35. Qe7 e3 36. fxe3 h5 37. Bg7 Ne5 38. Kh1 Rc2 39. Rg1 Rc8 40. Qb4 Qc4 41. Qd6 Qe4 42. Qa3 b4 43. Qb3 Rc3 44. Qa4 Rxe3 45. Kh2 Qf4+ 46. Kh1 Qe4 47. Kh2 Re2 48. Kh1 Re3 1/2-1/2


[Site "https://www.chess.com"]

[Event "Titled Tuesday Blitz April 12 Early 2022"]
[White "Kozak, Antoni"]
[Black "Delorme, Alban"]
[WhiteFideId "21832030"]
[BlackFideId "623636"]
[WhiteElo "2236"]
[BlackElo "2197"]
[Result "1-0"]
[Round "04"]
[TimeControl "180+1"]
[Date "2022.04.13"]
[WhiteClock "0:00:40"]
[BlackClock "0:00:03"]

1. Nf3 Nf6 2. g3 g6 3. Bg2 Bg7 4. O-O O-O 5. c4 c5 6. Nc3 Nc6 7. d4 d6 8. d5 Na5 9. Nd2 Rb8 10. Qc2 a6 11. b3 b5 12. Bb2 bxc4 13. bxc4 Ng4 14. Na4 Bd7 15. Bxg7 Kxg7 16. Rab1 Qc7 17. h3 Nf6 18. e4 Bxa4 19. Qxa4 Nd7 20. Qc2 f6 21. h4 Rb4 22. a3 Rxb1 23. Rxb1 Rb8 24. Rxb8 Qxb8 25. Qc3 Nb7 26. f4 Qc7 27. Bh3 Nb6 28. Nf3 Na4 29. Qb3 Nb6 30. Kf2 a5 31. Ke3 a4 32. Qc3 Na8 33. e5 dxe5 34. fxe5 Na5 35. d6 exd6 36. exf6+ Kf8 37. Ng5 Nb6 38. f7 Qe7+ 39. Kf2 Qe5 40. Qxe5 dxe5 41. Be6 Nc8 42. Nxh7+ Ke7 43. f8=Q+ Kxe6 44. Qxc8+ Kf7 45. Qc7+ Kg8 46. Qxa5 Kxh7 47. Qxa4 1-0


[Site "https://www.chess.com"]